 Dungeon Crawl Stone Soup version 0.13.0-17-g5f0e85f (webtiles) character file.

143 Kejsarherre the Cudgeler (level 3, -6/33 HPs)
             Began as an Ogre Wanderer on Oct 21, 2013.
             Mangled by inmateoo's ghost (7 damage)
             ... on Level 4 of the Dungeon.
             The game lasted 00:03:20 (1397 turns).

Kejsarherre the Cudgeler (Ogre Wanderer)            Turns: 1397, Time: 00:03:20

HP  -6/33        AC  4     Str 22      XL: 3   Next: 43%
MP   4/4         EV  9     Int 14      God:
Gold 105         SH  0     Dex  7      Spells:  1 memorised,  3 levels left

Res.Fire  : . . .   See Invis. : .   a - +1,+2 mace
Res.Cold  : . . .   Warding    : .   h - +0 robe (curse)
Life Prot.: . . .   Conserve   : .   (shield restricted)
Res.Poison: .       Res.Corr.  : .   (helmet restricted)
Res.Elec. : .       Clarity    : .   r - +0 cloak
Sust.Abil.: . .     Spirit.Shd : .   (gloves unavailable)
Res.Mut.  : .       Stasis     : .   (boots unavailable)
Res.Rott. : .       Flight     : .   (no amulet)
Saprovore : + . .                    (no ring)
                                     u - ring of flight

@: mighty, very slightly contaminated, slightly resistant to hostile
enchantments, very unstealthy
A: unfitting armour, fast metabolism 1, saprovore 1, tough skin 1
a: Evoke Flight


You were on level 4 of the Dungeon.
You were hungry.

You visited 1 branch of the dungeon, and saw 4 of its levels.

You collected 55 gold pieces.

Inventory:

Hand weapons
 a - a +1,+2 mace (weapon)
Armour
 h - a cursed +0 robe (worn)
 r - a +0 cloak (worn)
Comestibles
 b - a pear
 c - 2 meat rations
 o - 2 bread rations
 q - 2 chokos
Scrolls
 i - a scroll of remove curse {unknown}
 m - a scroll of fog
Jewellery
 d - an uncursed ring of fire
 u - a ring of flight (left hand)
Potions
 g - 2 potions of restore abilities {unknown}
 j - a potion of curing
 k - a potion of slowing {unknown}
 n - a potion of brilliance {unknown}
 w - a potion of berserk rage {unknown}
 x - a potion of resistance {unknown}


   Skills:
 + Level 3.3 Fighting
 + Level 5.4 Maces & Flails
   Level 1.0 Shields
 - Level 1.2 Spellcasting
   Level 1.3 Ice Magic
   Level 1.0 Invocations


You had 3 spell levels left.
You knew the following spells:

 Your Spells              Type           Power        Failure   Level  Hunger
a - Magic Dart            Conj           #...         30%         1    ##.....


Dungeon Overview and Level Annotations

Branches:
Dungeon (4/27)
 Temple: D:4-7

Altars:

Annotations:
D:3 Kejsarherre's ghost, average OgWn
D:4 inmateoo's ghost, average OpMo


Innate Abilities, Weirdness & Mutations

You are too large for most types of armour.
You have a fast metabolism.
You can tolerate rotten meat.
You have tough skin (AC +1).


Message History

Inmateoo's ghost is heavily damaged.
Inmateoo's ghost barely misses you.
You thump inmateoo's ghost!
Inmateoo's ghost is almost destroyed.
Inmateoo's ghost hits you!
* * * LOW HITPOINT WARNING * * *
You are too injured to fight recklessly!
You are too injured to fight recklessly!
Drink which item? (? for menu, Esc to quit)
You feel better. Inmateoo's ghost hits you.
You miss inmateoo's ghost.
Inmateoo's ghost is almost destroyed.
Inmateoo's ghost hits you.
* * * LOW HITPOINT WARNING * * *
Inmateoo's ghost hits you.
* * * LOW HITPOINT WARNING * * *
You closely miss inmateoo's ghost.
Inmateoo's ghost is almost destroyed.
Inmateoo's ghost hits you!
You die...

### ..# #.# #.# #
########.##.#.#..
........p........
########@#.#...>.
#.# .. . ####§#
#.# .# #<§§§. #.#
# ####§# #.# #.#
#.# ..# ###


You could see inmateoo's ghost.

Vanquished Creatures
  4 giant geckos
  5 bats
  5 goblins
  4 hobgoblins
  3 kobolds
  3 giant cockroaches
  2 giant newts (D:1)
  A quokka (D:3)
  5 rats
32 creatures vanquished.

Notes
Turn   | Place    | Note
--------------------------------------------------------------
     0 | D:1      | Kejsarherre, the Ogre Wanderer, began the quest for the Orb.
     0 | D:1      | Reached XP level 1. HP: 18/18 MP: 2/2
   213 | D:1      | Reached XP level 2. HP: 17/26 MP: 3/3
   420 | D:1      | Reached skill level 5 in Maces & Flails
   673 | D:2      | Reached XP level 3. HP: 30/33 MP: 4/4
  1327 | D:3      | Noticed Kejsarherre's ghost (average OgWn)
  1375 | D:4      | Noticed an ogre
  1386 | D:4      | Noticed inmateoo's ghost (average OpMo)
  1396 | D:4      | HP: 1/33 [inmateoo's ghost (6)]
  1397 | D:4      | Mangled by inmateoo's ghost

Action                   || total
-------------------------++-------
Melee: Mace              ||   102
  Use: Scroll            ||     8
       Potion            ||     3
